 Dungeon Crawl Stone Soup version 0.20-a0-309-gcba9277 (webtiles) character file.

25494 mopl the Covert (level 12, -5/61 HPs)
             Began as a Deep Elf Assassin on Dec 18, 2016.
             Was a High Priest of Okawaru.
             Slain by a wolf (7 damage)
             ... on level 3 of the Lair of Beasts.
             The game lasted 00:43:50 (16951 turns).

mopl the Covert (Deep Elf Assassin)                Turns: 16951, Time: 00:43:51

Health: -5/61      AC:  7    Str: 11    XL:     12   Next: 90%
Magic:  0/22       EV: 17    Int: 21    God:    Okawaru [*****.]
Gold:   377        SH:  0    Dex: 20    Spells: 4/11 levels left

rFire  . . .     SeeInvis .     m - +2 scimitar (elec)
rCold  . . .     Gourm    .     X - +1 robe {rN+}
rNeg   + . .     Faith    .     (no shield)
rPois  .         Spirit   +     L - +1 hat {Int+3}
rElec  .         Reflect  .     H - +1 cloak {+Inv}
rCorr  .         Harm     .     z - -2 pair of gloves of the Gloaming {*Contam Str+3}
MR     ++...                    G - +0 pair of boots
Stlth  ++++++++..               D - amulet of guardian spirit
                                T - ring of protection from magic
                                p - ring of stealth

@: exhausted, heroism, very slightly contaminated, slowed, very slow
A: no striking features
a: Heroism, Finesse, Renounce Religion, Evoke Invisibility


You were on level 3 of the Lair of Beasts.
You worshipped Okawaru.
Okawaru was extremely pleased with you.
You were hungry.

You visited 3 branches of the dungeon, and saw 14 of its levels.
You also visited: Sewer.

You collected 660 gold pieces.
You spent 283 gold pieces at shops.

Inventory:

Hand Weapons
 a - a +1 rapier of venom
 b - a +0 blowgun
 d - a +3 scimitar of flaming
 m - a +2 scimitar of electrocution (weapon)
 x - a +1 hunting sling of flaming
Missiles
 c - 2 throwing nets
 e - 28 poisoned needles
 f - 5 curare-tipped needles
 i - 388 stones (quivered)
 C - 93 sling bullets
 S - 15 javelins of returning
 U - 3 needles of confusion
Armour
 z - the -2 pair of gloves of the Gloaming (worn) {*Contam Str+3}
   (You bought it in a shop on level 8 of the Dungeon)

   It affects your strength (+3).
   It causes magical contamination when unequipped.
 B - a +2 pair of gloves
 G - a +0 pair of boots (worn)
 H - a +1 cloak of invisibility (worn)
 L - a +1 hat of intelligence (worn)
 X - a +1 robe of positive energy (worn)
Jewellery
 p - a ring of stealth (left hand)
 D - an amulet of guardian spirit (around neck)
 I - an uncursed ring of flight
 Q - an uncursed ring of wizardry
 T - a ring of protection from magic (right hand)
Wands
 A - a wand of digging (18/24)
 F - a wand of paralysis (14/24)
 W - a wand of iceblast (5/15)
 Z - a wand of polymorph (13/24)
Scrolls
 k - 6 scrolls of fear {unknown}
 l - 2 scrolls of blinking {unknown}
 q - a scroll of silence {!r}
 s - a scroll of holy word {unknown}
 t - a scroll of fog {unknown}
 v - 4 scrolls of teleportation
 w - 2 scrolls of enchant weapon {unknown}
 y - 2 scrolls of immolation {unknown}
 E - 2 scrolls of remove curse
 P - a scroll of vulnerability
Potions
 h - 9 potions of curing {unknown}
 o - 2 potions of agility
 r - a potion of heal wounds
 u - a potion of ambrosia
 J - a potion of magic
 K - 2 potions of might
 M - 3 potions of flight
Comestibles
 g - 13 bread rations
 j - a meat ration
 n - 5 chunks of flesh
 N - 19 fruits


   Skills:
 - Level 1.5(6.5) Fighting
 * Level 11.1(16.1) Short Blades
 + Level 8.8(13.8) Throwing
 - Level 1.2(6.2) Dodging
 * Level 14.1(19.1) Stealth
 + Level 5.9 Charms
 + Level 4.2 Translocations
 + Level 7.7 Invocations
 * Level 10.7 Evocations


You had 4 spell levels left.
You knew the following spells:

 Your Spells              Type           Power        Failure   Level  Hunger
e - Blink                 Tloc           N/A          6%          2    ###....
i - Repel Missiles        Chrm/Air       ##....       12%         2    ###....
s - Ozocubu's Armour      Chrm/Ice       ##......     21%         3    ####...


Dungeon Overview and Level Annotations

Branches:
Dungeon (10/15)            Temple (1/1) D:4            Lair (3/6) D:10
 Shoals (0/4) Lair:3
  Snake: Lair:2-4    Spider: Lair:2-4       Orc: D:9-12

Altars:
Ashenzari
Cheibriados
Dithmenos
Elyvilon
Fedhas
Gozag
Hepliaklqana
Kikubaaqudgha
Makhleb
Nemelex Xobeh
Okawaru
Qazlal
Ru
Sif Muna
Trog
Uskayaw
Vehumet
Xom
Yredelemnul
Zin
The Shining One

Shops:
D:2 *   D:8 *

Annotations:
D:5 exclusion: jelly
D:9 bb dangerous
Lair:1 exclusion: oklob plant
Lair:3 Gastronok, Snorg


Message History

The wolf bites you!
* * * LOW HITPOINT WARNING * * *
Unknown command.
You slash the wolf!
The wolf is heavily wounded.
You hear the steady crackling of a distant melting archway.
The wolf barely misses you. The wolf misses you.
Unknown command.
You miss the wolf.
The wolf is heavily wounded.
The wolf bites you!
* * * LOW HITPOINT WARNING * * *
The wolf misses you.
Unknown command.
You closely miss the wolf.
The wolf is heavily wounded.
You are no longer berserk.
You are exhausted.
You feel yourself slow down. The wolf bites you!
You die...

##...÷.....................
##..........................
#...........................
##..........................r
###............................
#......h#####.#.#.#......#...##
#.......# #######........###
#..>....## ###.##...$..###
##.......# #@h.........#
##.....t## #h†#........#
#.......## ##.≈...≈.....#
#$..h...P# #.≈#[≈≈≈≈#..#
#.......## #.≈##≈#.≈##.##
#.......# ##..#≈..≈# .#
..#......#######..≈.>..≈.
.................≈#..≈≈..
/.......<........


You could see 2 wolves.

Vanquished Creatures
  3 hydras
  Erica (D:8)
  2 two-headed ogres
  4 death yaks (Lair:2)
  Pikel (D:6)
  2 rust devils (D:8)
  Joseph (D:7)
  A black mamba (Lair:1)
  2 rime drakes
  4 komodo dragons
  2 hellwings (D:9)
  Prince Ribbit (D:7)
  6 hippogriffs
  5 blink frogs (Lair:3)
  A spriggan (D:7)
  23 yaks
  Eustachio (D:6)
  A hungry ghost (D:9)
  A basilisk (D:10)
  Menkaure (D:6)
  3 water moccasins
  7 porcupines
  A slave (D:6)
  2 black bears
  4 orc warriors
  3 sky beasts
  An ice beast (D:9)
  2 necrophages
  11 wolves (Lair:3)
  A phantom (D:4)
  5 ogres
  2 centaurs
  5 crocodiles
  Blork the orc (D:6)
  3 big kobolds (D:9)
  9 bullfrogs
  2 scorpions
  A water moccasin skeleton (D:6)
  14 killer bees
  3 electric eels (Lair:1)
  3 howler monkeys
  6 wights (D:10)
  2 crimson imps
  3 centaur zombies
  A quasit (D:9)
  2 bullfrog zombies (D:8)
  2 bullfrog skeletons
  4 hounds
  A jelly (D:10)
  4 orc priests
  5 orc wizards
  6 centaur skeletons
  2 iguanas
  10 worker ants
  A hound zombie (D:10)
  6 gnolls
  9 adders
  10 shadow imps
  3 oozes
  2 adder skeletons (D:9)
  4 worms
  2 dart slugs (D:1)
  10 leopard geckos
  17 orcs
  3 ball pythons
  4 giant cockroaches
  3 goblins (D:3)
  6 hobgoblins
  2 jackals
  21 kobolds
  5 quokkas
  11 bats
  10 frilled lizards
  A leopard gecko zombie (D:6)
  4 rats
  A plant (Lair:2)
329 creatures vanquished.

Vanquished Creatures (others)
  2 slaves
  An ogre (D:6)
  A centaur (D:8)
  A kobold (D:6)
  5 fungi (Lair:3)
  A plant (Lair:1)
11 creatures vanquished.

Grand Total: 340 creatures vanquished

Notes
Turn   | Place    | Note
-------+----------+-------------------------------------------
     0 | D:1      | mopl the Deep Elf Assassin began the quest for the Orb.
     0 | D:1      | Reached XP level 1. HP: 12/12 MP: 3/3
   513 | D:1      | Reached skill level 5 in Stealth
   513 | D:1      | Reached XP level 2. HP: 9/16 MP: 4/4
  1109 | D:2      | Reached XP level 3. HP: 20/20 MP: 5/5
  1669 | D:2      | Reached skill level 3 in Throwing
  1681 | D:2      | Found an opulent altar of Gozag.
  1685 | D:2      | Found Gozag's Platinum Reserve.
  2265 | D:3      | Reached XP level 4. HP: 25/25 MP: 6/6
  2326 | D:3      | Reached skill level 3 in Short Blades
  2483 | D:3      | Found a sparkling altar of Nemelex Xobeh.
  3088 | D:3      | Reached skill level 6 in Stealth
  3186 | D:4      | Found a staircase to the Ecumenical Temple.
  3196 | Temple   | Entered the Ecumenical Temple
  3230 | Temple   | Became a worshipper of Ashenzari the Shackled
  3301 | Temple   | Fell from the grace of Ashenzari
  3301 | Temple   | Became a worshipper of Warmaster Okawaru
  3365 | D:4      | Reached XP level 5. HP: 8/29 MP: 7/7
  3828 | D:4      | Noticed a phantom
  3876 | D:4      | Noticed a phantom
  3915 | D:4      | Killed a phantom
  3915 | D:4      | Was forgiven by Ashenzari
  3915 | D:4      | Reached skill level 4 in Short Blades
  3915 | D:4      | Reached skill level 4 in Throwing
  3915 | D:4      | Reached XP level 6. HP: 26/34 MP: 8/8
  4018 | D:4      | Reached skill level 7 in Stealth
  4231 | D:4      | Found an ancient bone altar of Kikubaaqudgha.
  4357 | D:4      | Found a deep blue altar of Sif Muna.
  5408 | D:5      | Entered Level 5 of the Dungeon
  5432 | D:5      | Found a burning altar of Makhleb.
  5588 | D:5      | Reached * piety under Okawaru
  5588 | D:5      | Reached XP level 7. HP: 38/38 MP: 9/9
  5684 | D:5      | Reached skill level 5 in Throwing
  5796 | D:5      | Reached skill level 5 in Short Blades
  5799 | D:5      | Reached skill level 8 in Stealth
  6299 | D:6      | Found a radiant altar of Vehumet.
  6315 | D:6      | Found a glowing drain.
  6372 | Sewer    | Entered a sewer
  6761 | D:6      | Noticed Eustachio
  6898 | D:6      | Killed Eustachio
  6898 | D:6      | Reached skill level 1 in Evocations
  6898 | D:6      | Reached XP level 8. HP: 43/43 MP: 7/11
  6961 | D:6      | Reached skill level 1 in Invocations
  7047 | D:6      | Noticed Pikel
  7053 | D:6      | Killed Pikel
  7053 | D:6      | Reached ** piety under Okawaru
  7053 | D:6      | Reached skill level 6 in Short Blades
  7053 | D:6      | Reached skill level 9 in Stealth
  7053 | D:6      | Reached skill level 2 in Invocations
  7053 | D:6      | Reached skill level 3 in Evocations
  7168 | D:6      | Noticed Menkaure
  7169 | D:6      | Noticed Blork the orc
  7170 | D:6      | Killed Menkaure
  7196 | D:6      | Killed Blork the orc
  7196 | D:6      | Reached skill level 4 in Evocations
  7590 | D:7      | Noticed a hippogriff
  7597 | D:7      | Killed a hippogriff
  7597 | D:7      | Reached skill level 6 in Throwing
  7597 | D:7      | Reached XP level 9. HP: 47/47 MP: 11/14
  7616 | D:7      | Reached skill level 3 in Invocations
  7687 | D:7      | Noticed Joseph
  7697 | D:7      | Killed Joseph
  7697 | D:7      | Reached *** piety under Okawaru
  7697 | D:7      | Reached skill level 10 in Stealth
  7702 | D:7      | Reached skill level 7 in Short Blades
  7789 | D:7      | Noticed Prince Ribbit
  7839 | D:7      | Killed Prince Ribbit
  7839 | D:7      | Reached skill level 5 in Evocations
  8737 | D:8      | Reached skill level 4 in Invocations
  8901 | D:8      | Reached **** piety under Okawaru
  8901 | D:8      | Reached skill level 6 in Evocations
  8929 | D:8      | Noticed Erica
  9051 | D:8      | Killed Erica
  9051 | D:8      | Reached skill level 8 in Short Blades
  9051 | D:8      | Reached skill level 11 in Stealth
  9051 | D:8      | Reached XP level 10. HP: 52/52 MP: 14/16
  9515 | D:8      | Reached skill level 7 in Throwing
  9758 | D:8      | Found Qutish's Assorted Antiques.
  9768 | D:8      | Bought a scroll labeled BAOZAA YHAZUNT for 27 gold pieces
  9962 | D:8      | Found a blossoming altar of Fedhas.
 10329 | D:8      | Received a gift from Okawaru
 10552 | D:8      | Bought a pair of ancient gloves for 256 gold pieces
 10562 | D:8      | Identified the cursed -2 pair of gloves of the Gloaming {*Contam Str+3} (You bought it in a shop on level 8 of the Dungeon)
 10575 | D:8      | Reached skill level 5 in Invocations
 10577 | D:8      | Reached skill level 7 in Evocations
 11143 | D:9      | Found an opulent altar of Gozag.
 11487 | D:9      | Received a gift from Okawaru
 11792 | D:9      | Reached skill level 9 in Short Blades
 11792 | D:9      | Reached skill level 12 in Stealth
 11831 | D:9      | Reached ***** piety under Okawaru
 11875 | D:9      | Reached XP level 11. HP: 41/56 MP: 13/18
 11982 | D:9      | Reached skill level 8 in Evocations
 12165 | D:8      | Received a gift from Okawaru
 12379 | D:9      | Noticed a two-headed ogre
 12465 | D:9      | Killed a two-headed ogre
 12465 | D:9      | Received a gift from Okawaru
 12465 | D:9      | Reached skill level 6 in Invocations
 12775 | D:9      | Learned a level 2 spell: Blink
 12778 | D:9      | Learned a level 2 spell: Repel Missiles
 12886 | D:9      | Noticed a death knight
 13333 | D:10     | Entered Level 10 of the Dungeon
 13337 | D:10     | Noticed a two-headed ogre
 13371 | D:10     | Killed a two-headed ogre
 13371 | D:10     | Reached skill level 1 in Charms
 13371 | D:10     | Reached skill level 9 in Evocations
 13504 | D:10     | Reached skill level 13 in Stealth
 13633 | D:10     | Reached skill level 8 in Throwing
 13633 | D:10     | Reached skill level 1 in Translocations
 13772 | D:10     | Found a staircase to the Lair.
 13889 | Lair:1   | Entered Level 1 of the Lair of Beasts
 13893 | Lair:1   | Noticed a seven-headed hydra
 13899 | Lair:1   | Reached skill level 10 in Short Blades
 13924 | Lair:1   | Reached skill level 2 in Charms
 13929 | Lair:1   | Killed a seven-headed hydra
 13929 | Lair:1   | Received a gift from Okawaru
 13929 | Lair:1   | Reached skill level 2 in Translocations
 14050 | Lair:1   | Reached skill level 3 in Charms
 14115 | Lair:1   | Noticed an oklob plant
 14126 | Lair:1   | Found a snail-covered altar of Cheibriados.
 14186 | Lair:1   | Learned a level 3 spell: Ozocubu's Armour
 14311 | Lair:1   | Reached XP level 12. HP: 41/60 MP: 12/21
 14326 | Lair:1   | Noticed a four-headed hydra
 14342 | Lair:1   | Killed a four-headed hydra
 14342 | Lair:1   | Received a gift from Okawaru
 15248 | Lair:2   | Reached skill level 7 in Invocations
 15469 | Lair:2   | Noticed a death yak
 15469 | Lair:2   | Noticed a death yak
 15475 | Lair:2   | Noticed a death yak
 15477 | Lair:2   | Noticed a death yak
 15481 | Lair:2   | Killed a death yak
 15481 | Lair:2   | Reached skill level 4 in Charms
 15482 | Lair:2   | Killed a death yak
 15482 | Lair:2   | Reached skill level 3 in Translocations
 15484 | Lair:2   | Killed a death yak
 15484 | Lair:2   | Reached skill level 10 in Evocations
 15497 | Lair:2   | Killed a death yak
 15497 | Lair:2   | Received a gift from Okawaru
 16077 | Lair:2   | Reached skill level 5 in Charms
 16624 | Lair:3   | Noticed Gastronok
 16632 | Lair:3   | Reached skill level 14 in Stealth
 16757 | Lair:3   | Noticed Snorg
 16797 | Lair:3   | Reached skill level 4 in Translocations
 16802 | Lair:3   | Reached skill level 11 in Short Blades
 16882 | Lair:3   | Noticed a five-headed hydra
 16911 | Lair:3   | Killed a five-headed hydra
 16914 | Lair:3   | Found a staircase to the Shoals.
 16950 | Lair:3   | HP: 3/91 [wolf (7)]
 16951 | Lair:3   | Slain by a wolf

Vault maps used:
D:1:      saegor_arrival_simple_e
D:2:      nicolae_gozag_zags_fifth_avenue
D:3:      lemuel_round_altar
D:4:      led_sif_pool, kennysheep_mini_moat, first_bread
D:5:      old_standard_altar, wad_floor_pattern_2, minmay_strange_pillars
D:6:      portal_sewer_entry_f, grunt_ministairs_13, vehumet_altar_wand_db,
          uniq_eustachio, uniq_menkaure, uniq_pikel, uniq_blork_the_orc
D:7:      the_bakery, hangedman_abyss_or_decor_stagger, uniq_joseph,
          uniq_prince_ribbit1
D:8:      cheibrodos_iron_armory, serial_shops, shop, fedhas_altar_4, uniq_erica
D:9:      cheibrodos_grave_circle, kennysheep_little_box
D:10:     minmay_stone_box, david_lair_generic, serial_undead, serial_undead_a,
          serial_undead_b, serial_undead_c, serial_undead_f,
          evilmike_ruin_ashenzari
Temple:   nicolae_temple_elliptical
Lair:1:   basic_altar, minmay_lair_oklob_chamber, serial_bayou_shore_a,
          grunt_megastairs_3, infiniplex_staircase_pool, lemuel_fruit_tree
Lair:2:   grunt_megastairs_5, lemuel_fruit_fields
Lair:3:   elwin_shoals_entry_rocks, portal_ice_cave_demonic_guard,
          zaba_antful_of_joy, uniq_gastronok, uniq_snorg
Sewer:    sewer_co_cracked_pipes

Skill      XL: |  1  2  3  4  5  6  7  8  9 10 11 12 |
---------------+-------------------------------------+-----
Stealth        | 5 6 7 8 9 11 12 13 14 | 14.1
Throwing       | 3 4 5 6 7 8 |  8.8
Short Blades   | 3 4 5 6 8 9 10 11 | 11.1
Evocations     | 1 4 6 7 9 10 | 10.7
Invocations    | 2 4 5 6 7 |  7.7
Charms         | 3 5 |  5.9
Translocations | 2 4 |  4.2
Fighting       | |  1.5
Dodging        | |  1.2

Action                   |  1- 3 |  4- 6 |  7- 9 | 10-12 || total
-------------------------+-------+-------+-------+-------++-------
Melee: Dagger            |    26 |    11 |   105 |    75 ||   217
       Mace              |    62 |    85 |    47 |    23 ||   217
       Punch             |       |       |     1 |     1 ||     2
       Scimitar          |       |       |       |   166 ||   166
       Rapier            |       |       |       |   197 ||   197
 Fire: Blowgun           |     8 |    13 |    20 |    48 ||    89
       Hunting sling     |       |    13 |    15 |    92 ||   120
Throw: Stone             |     1 |     4 |     3 |     3 ||    11
 Cast: Blink             |       |       |       |     1 ||     1
Invok: Heroism           |       |       |     4 |    20 ||    24
 Abil: Evoke Invisibilit |       |       |    12 |    27 ||    39
       Turn Visible      |       |       |     9 |     5 ||    14
Evoke: Wand              |       |       |       |     5 ||     5
  Use: Scroll            |       |       |     7 |    16 ||    23
       Potion            |       |       |       |     2 ||     2
 Stab: Sleeping          |    10 |    11 |    36 |    60 ||   117
       Invisible         |       |       |     2 |    30 ||    32
       Distracted        |       |       |     1 |     1 ||     2
       Paralysed         |       |       |       |     1 ||     1
  Eat: Chunk             |     4 |    10 |    15 |    23 ||    52
       Pizza             |       |       |       |     4 ||     4
       Beef jerky        |       |       |       |     3 ||     3
       Royal jelly       |       |       |       |     1 ||     1
Armor: Robe              |    14 |    24 |    29 |    77 ||   144
Dodge: Dodged            |    41 |    67 |    73 |   301 ||   482
       Rpst.: Scimitar   |       |       |       |    42 ||    42
